 Dungeon Crawl Stone Soup version 0.30-b1-2-g02819fbbbe (webtiles) character file.

Game seed: 8915718570667943783

19851 LLlMATKO the Cleaver (level 12, -14/168 HPs)
             Began as a Minotaur Berserker on June 23, 2023.
             Was a High Priest of Trog.
             Demolished by a boulder beetle (15 damage)
             ... on level 13 of the Dungeon.
             The game lasted 00:11:24 (13537 turns).

LLlMATKO the Cleaver (Minotaur Berserker)          Turns: 13537, Time: 00:11:24

Health: -14/168    AC: 23    Str: 28    XL:     12   Next: 40%
Magic:  3/3        EV: 10    Int:  4    God:    Trog [*****.]
Gold:   729        SH: 11    Dex:  9    Spells: 11/11 levels left

rFire   + . .        P - +1 broad axe (antimagic)
rCold   . . .        x - +0 buckler
rNeg    . . .        N - +4 plate armour {rF+}
rPois   .            (helmet restricted)
rElec   .            z - +0 cloak
rCorr   .            G - +0 pair of gloves
SInv    +            t - +0 pair of boots
Will    .....        g - amulet of reflection Stlth
                     w - ring of see invisible
HPRegen 0.48/turn    y - ring of flight
MPRegen 0.08/turn

%: reflection
@: berserking (expiring), lethally poisoned (-14 -> -21), flying, slowed
A: horns 2, retaliatory headbutt
a: Renounce Religion, Berserk, Trog's Hand, Brothers in Arms


You were on level 13 of the Dungeon.
You worshipped Trog.
Trog was extremely pleased with you.
You visited 1 branch of the dungeon, and saw 14 of its levels.
You also visited: Bailey.

You collected 729 gold pieces.

Inventory:

Hand Weapons
 a - a +0 hand axe
 M - the +2 hand axe of the Sneaky Beggars {heavy, *Rage rC++ Dex+3}
   (You found it on level 8 of the Dungeon)

   Dex:       It affects your dexterity (+3).
   rC:        It greatly protects you from cold.
   *Rage:     It berserks you when you make melee attacks (+20% chance).
 P - a +1 antimagic broad axe (weapon)
Missiles
 q - 26 poisoned darts (quivered)
 E - 5 boomerangs
 S - a curare-tipped dart
Armour
 t - a +0 pair of boots (worn)
 x - a +0 buckler (worn)
 z - a +0 cloak (worn)
 G - a +0 pair of gloves (worn)
 N - a +4 plate armour of fire resistance (worn)
Jewellery
 g - an amulet of reflection (around neck)
 w - a ring of see invisible (left hand)
 y - a ring of flight (right hand)
 F - a ring of protection from fire
 K - a ring of resist corrosion
 Q - a ring of fire
Wands
 p - a wand of paralysis (3)
 A - a wand of flame (39)
 L - a wand of mindburst (17)
 R - a wand of digging (4)
 T - a wand of iceblast (6)
Scrolls
 b - 2 scrolls of fog
 e - 13 scrolls of identify
 i - 2 scrolls of noise
 k - 2 scrolls of magic mapping
 m - 4 scrolls of teleportation
 o - 3 scrolls of vulnerability {unknown}
 s - 2 scrolls of amnesia {unknown}
 u - 5 scrolls of fear {unknown}
 v - 4 scrolls of immolation {unknown}
 C - a scroll of brand weapon {unknown}
 D - 2 scrolls of enchant weapon {unknown}
 I - a scroll of silence {unknown}
 V - a scroll of blinking {unknown}
 W - a scroll of enchant armour {unknown}
Potions
 c - a potion of attraction {unknown}
 d - 5 potions of curing {unknown}
 f - 2 potions of cancellation {unknown}
 h - 3 potions of mutation {unknown}
 j - 5 potions of heal wounds
 l - 2 potions of might
 n - a potion of flight {unknown}
 r - 4 potions of lignification {unknown}
 B - a potion of resistance
 H - 3 potions of brilliance {unknown}
 J - 4 potions of haste
 O - a potion of berserk rage {unknown}
 U - 2 potions of ambrosia {unknown}


   Skills:
 + Level 11.8 Fighting
 + Level 11.8 Axes
 + Level 11.5 Armour
 + Level 10.6 Dodging
 + Level 10.8 Shields


You had 11 spell levels left.
You didn't know any spells.
Your spell library was empty.

Dungeon Overview and Level Annotations

Branches:
Dungeon (14/15)            Temple (0/1) D:6            Lair (0/5) D:11
    Orc (0/2) D:9          Vaults (0/5) D:13         Bailey (visited)

Altars:
Ashenzari
Dithmenos
Elyvilon
Fedhas
Gozag
Hepliaklqana
Kikubaaqudgha
Nemelex Xobeh
Okawaru
Ru
Uskayaw
Wu Jian
Xom

Shops:
D:1 :   D:7 =   D:12 (

Annotations:
D:6 2 transporters, darkwiz's ghost, novice DsCK


Innate Abilities, Weirdness & Mutations

You have a pair of horns on your head.
You reflexively headbutt those who attack you in melee.


Message History

You are engulfed in flames.
You resist.
The boulder beetle bites you but does no damage.
You slash the boulder beetle!
The boulder beetle is lightly wounded.
You hit the boulder beetle but do no damage.
You slash the red ugly thing! You barely miss the hornet. You slash the harpy!
You feel sick.
The harpy claws you but does no damage. x2
The hornet misses you. The boulder beetle hits you.
The boulder beetle stops rolling and uncurls.
The red ugly thing misses you. You furiously retaliate!
You headbutt the red ugly thing. The boulder beetle bites you.
The hornet stings you but does no damage.
You slash the boulder beetle!
The boulder beetle is lightly wounded.
You barely miss the boulder beetle. You closely miss the hornet.
You barely miss the red ugly thing.
You feel sick.
You are no longer poisoned.
The boulder beetle bites you but does no damage.
The hornet stings you but does no damage.
The red ugly thing trunk-slaps you!
You are engulfed in flames!
You resist.
* * * LOW HITPOINT WARNING * * *
The boulder beetle bites you!
* * * LOW HITPOINT WARNING * * *
You block the harpy's attack. The harpy claws you.
* * * LOW HITPOINT WARNING * * *
You hit the boulder beetle.
The boulder beetle is lightly wounded.
You barely miss the red ugly thing. You hit the boulder beetle.
You closely miss the hornet. You closely miss the harpy.
You block the harpy's attack. x2; The hornet stings you.
* * * LOW HITPOINT WARNING * * *
You are poisoned.
You feel as though you will be slow longer.
The boulder beetle bites you!!
* * * LOW HITPOINT WARNING * * *
You block the red ugly thing's attack. You block the harpy's attack.
The harpy claws you.
* * * LOW HITPOINT WARNING * * *
The boulder beetle bites you!
You die...

#####.# ..... ......#
#...# #...>.# #...# ###
)[....# #...#..$ #.....#
#.... .# .....##
#..###.# ###.
###.########......#..)..
......<.........B....#
....##########.y@###.#
###.# ##HuB...# # #.#
##........ . ...
#....###. . ..#.
#.#..... ###...#
#.##.... #.. . #.# #...#
#.# #... .# ..


You could see 2 boulder beetles, a red ugly thing, a harpy and a hornet.

Vanquished Creatures
  6 two-headed ogres
  A boulder beetle (D:7)
  2 centaur warriors (D:13)
  A deep elf archer (D:13)
  2 deep elf pyromancers
  A cyclops (D:9)
  A manticore (D:11)
  An ugly thing (D:13)
  Joseph (D:8)
  A gargoyle (Bailey)
  Maggie (D:8)
  2 kobold demonologists
  A komodo dragon (D:11)
  An unseen horror (D:11)
  4 yaktaurs (D:13)
  4 trolls
  Grinder (D:6)
  Sigmund (D:6)
  5 shadows
  9 yaks
  A vampire (Bailey)
  4 vampire mosquitoes (D:11)
  3 acid dragons
  Duvessa (D:5)
  2 water moccasins
  A sky beast (D:8)
  An orc warrior (D:9)
  5 black bears
  3 ogres (D:5)
  4 centaurs
  A phantom (D:9)
  6 kobold brigands
  4 bullfrogs
  4 scorpions
  9 wights (D:9)
  Dowan (D:5)
  3 killer bees (D:7)
  A troll zombie (D:9)
  3 wolf zombies (Bailey)
  3 howler monkeys
  7 vampire bats (Bailey)
  5 jellies
  3 hounds
  9 orc priests
  Terence (D:3)
  A sleepcap (D:4)
  3 iguanas
  13 orc wizards
  7 ogre zombies (D:9)
  3 gnolls (D:4)
  7 adders
  A white imp (D:7)
  2 ufetubi
  3 worms
  4 dart slugs
  42 orcs
  3 bats
  5 endoplasms
  5 giant cockroaches
  11 goblins
  6 hobgoblins
  3 jackals (D:4)
  5 quokkas
  4 ball pythons
  6 frilled lizards
  3 goblin skeletons (D:9)
  4 goblin zombies (D:9)
  A hobgoblin zombie (D:9)
  19 kobolds
  An orc skeleton (D:9)
  34 orc zombies
  4 rats
331 creatures vanquished.

Vanquished Creatures (others)
  39 plants (D:11)
39 creatures vanquished.

Grand Total: 370 creatures vanquished

Notes
Turn   | Place    | Note
-------+----------+-------------------------------------------
     0 | D:1      | LLlMATKO the Minotaur Berserker began the quest for the
                  | Orb.
     0 | D:1      | Reached XP level 1. HP: 19/19 MP: 0/0
    29 | D:1      | Found a faded altar of an unknown god.
   111 | D:1      | Found Jietwuckao's Book Boutique.
   159 | D:1      | Reached XP level 2. HP: 21/27 MP: 1/1
   762 | D:1      | Reached ** piety under Trog
   968 | D:2      | Reached XP level 3. HP: 27/33 MP: 2/2
  1403 | D:2      | Reached XP level 4. HP: 33/41 MP: 3/3
  1857 | D:3      | Noticed Terence
  1868 | D:3      | Killed Terence
  2547 | D:4      | Reached XP level 5. HP: 47/47 MP: 4/4
  2612 | D:4      | Reached *** piety under Trog
  2667 | D:4      | Reached skill level 1 in Shields
  2728 | D:4      | Reached skill level 5 in Fighting
  2736 | D:4      | Reached XP level 6. HP: 49/56 MP: 5/5
  2793 | D:4      | Noticed a water moccasin
  2802 | D:4      | Killed a water moccasin
  2803 | D:4      | Reached skill level 5 in Axes
  3514 | D:4      | Found an iron altar of Okawaru.
  3554 | D:4      | Reached XP level 7. HP: 59/61 MP: 6/6
  3556 | D:5      | Entered Level 5 of the Dungeon
  3677 | D:5      | Found a hide-covered altar of Uskayaw.
  3679 | D:5      | Found an ornate altar of the Wu Jian Council.
  3680 | D:5      | Found a shadowy altar of Dithmenos.
  3680 | D:5      | Found a white marble altar of Elyvilon.
  3681 | D:5      | Found an opulent altar of Gozag.
  3681 | D:5      | Found a shimmering altar of Xom.
  3681 | D:5      | Found a sparkling altar of Nemelex Xobeh.
  3682 | D:5      | Found a blossoming altar of Fedhas.
  3791 | D:5      | Reached skill level 5 in Armour
  4080 | D:5      | Reached **** piety under Trog
  4086 | D:5      | Reached skill level 5 in Dodging
  4313 | D:5      | Reached XP level 8. HP: 70/70 MP: 7/7
  4375 | D:5      | Noticed Duvessa
  4375 | D:5      | Noticed Dowan
  4388 | D:5      | Killed Dowan
  4390 | D:5      | Killed Duvessa
  5051 | D:6      | Found an ancient bone altar of Kikubaaqudgha.
  5103 | D:6      | Noticed Sigmund
  5110 | D:6      | Killed Sigmund
  5111 | D:6      | Reached skill level 5 in Shields
  5436 | D:6      | Found a staircase to the Ecumenical Temple.
  5472 | D:6      | Noticed Grinder
  5488 | D:6      | Killed Grinder
  5489 | D:6      | Reached XP level 9. HP: 72/79 MP: 8/8
  5546 | D:6      | Found a broken altar of Ashenzari.
  5795 | D:6      | Found a transporter.
  5795 | D:6      | Noticed darkwiz's ghost (novice DsCK)
  5798 | D:6      | Noticed a manticore
  5808 | D:6      | Found a transporter.
  6504 | D:7      | Noticed a boulder beetle
  6524 | D:7      | Killed a boulder beetle
  7066 | D:7      | Found Ewock's Jewellery Boutique.
  7200 | D:8      | Noticed Joseph
  7211 | D:8      | Killed Joseph
  7212 | D:8      | Reached XP level 10. HP: 50/90 MP: 9/9
  7214 | D:8      | Found a flagged portal.
  7234 | D:8      | Identified the +2 hand axe of the Sneaky Beggars {heavy,
                  | *Rage rC++ Dex+3}
  7247 | D:8      | Noticed Maggie
  7254 | D:8      | Killed Maggie
  7352 | Bailey   | Entered a bailey
  7948 | Bailey   | Identified the +2 leather armour "Kiulomm" {Str+3}
  7969 | Bailey   | Noticed a gargoyle
  7977 | Bailey   | Killed a gargoyle
  8631 | D:9      | Reached ***** piety under Trog
  8796 | D:9      | Noticed a cyclops
  8804 | D:9      | Killed a cyclops
  9003 | D:9      | Found a staircase to the Orcish Mines.
  9012 | D:9      | Received a gift from Trog
  9097 | D:9      | Noticed a two-headed ogre
  9109 | D:9      | Killed a two-headed ogre
  9279 | D:9      | Found a sacrificial altar of Ru.
  9443 | D:9      | Reached XP level 11. HP: 92/99 MP: 3/10
  9552 | D:9      | Reached skill level 10 in Fighting
  9620 | D:9      | Reached skill level 10 in Axes
  9899 | D:9      | Found a sacrificial altar of Ru.
 10289 | D:10     | Entered Level 10 of the Dungeon
 10459 | D:10     | Noticed a deep elf pyromancer
 10468 | D:10     | Killed a deep elf pyromancer
 10596 | D:10     | Noticed a two-headed ogre
 10605 | D:10     | Killed a two-headed ogre
 10649 | D:10     | Noticed a two-headed ogre
 10656 | D:10     | Killed a two-headed ogre
 10657 | D:10     | Reached skill level 10 in Armour
 10759 | D:10     | Found a hazy altar of Hepliaklqana.
 11179 | D:11     | Noticed a two-headed ogre
 11189 | D:11     | Killed a two-headed ogre
 11518 | D:11     | Noticed a two-headed ogre
 11521 | D:11     | Received a gift from Trog
 11530 | D:11     | Killed a two-headed ogre
 11537 | D:11     | Reached skill level 10 in Shields
 11816 | D:11     | Found a staircase to the Lair.
 12070 | D:11     | Found a staircase to the Lair.
 12194 | D:12     | Found Kerch's Weapon Shoppe.
 12284 | D:12     | Reached skill level 10 in Dodging
 12555 | D:12     | Noticed a two-headed ogre
 12566 | D:12     | Killed a two-headed ogre
 12567 | D:12     | Reached XP level 12. HP: 95/110 MP: 3/11
 12831 | D:13     | Noticed a centaur warrior
 12843 | D:13     | Killed a centaur warrior
 12971 | D:13     | Noticed a centaur warrior
 12991 | D:13     | Found a gate to the Vaults.
 13203 | D:13     | Killed a centaur warrior
 13236 | D:13     | HP: 6/166 [deep elf archer/arrow (23)]
 13529 | D:13     | Noticed a boulder beetle
 13531 | D:13     | Noticed a boulder beetle
 13537 | D:13     | HP: 2/168 [boulder beetle (18)]
 13537 | D:13     | Demolished by a boulder beetle

Illustrated notes

Levels and vault maps discovered:
D:1:      ncdulo_halloftheorcs, layout_basic,
          dreamdust_ecumenical_altar_hidden_monk_grotto, serial_shops, shop
D:2:      minmay_door_path, layout_loops_ring
D:3:      layout_loops_ring, uniq_terence
D:4:      layout_loops_ring, okawaru_altar_gauntlet_db, grunt_decor_fettered,
          ebering_dispersal_statue_hall, serial_bayou_lagoon_b
D:5:      layout_cave_pods, grunt_temple_overflow_open, uniq_duvessa
D:6:      layout_loops_ring, mainiacjoe_overflow_concentric_impassable,
          nicolae_ashenzari_panopticon, minmay_temple_entry_wispy,
          gammafunk_ghost_arena, serial_glass, glass_columns_a, glass_columns_c,
          uniq_sigmund, uniq_grinder
D:7:      layout_rooms, serial_shops, shop, minmay_fountain_box,
          kennysheep_boxes
D:8:      layout_rooms, enter_bailey_2, uniq_joseph, uniq_maggie
D:9:      layout_gridville, nicolae_ru_awakened_eye, zombieorc2_lemuel
D:10:     layout_small_grid, marbit_many_paths
D:11:     layout_rooms, david_lair_shrubbed, minmay_liquid_box
D:12:     layout_basic, serial_shops, nicolae_shop_bloodbath_and_beyond
D:13:     hangedman_cross_stitches, layout_loops_ring,
          hangedman_vaults_entry_quadrant_bands, gammafunk_ghost_nasty_kobolds
D:14:     minmay_nested_s, layout_rooms, gammafunk_ghost_split

Skill      XL: |  1  2  3  4  5  6  7  8  9 10 11 12 |
---------------+-------------------------------------+-----
Fighting       | 4 5 6 7 8 9 11 | 11.8
Axes           | 4 5 6 7 8 9 11 | 11.8
Armour         | 3 4 5 6 8 9 10 11 | 11.5
Dodging        | 3 4 5 6 7 8 10 | 10.6
Shields        | 1 2 4 5 7 8 10 | 10.8

Action                     |  1- 3 |  4- 6 |  7- 9 | 10-12 || total
---------------------------+-------+-------+-------+-------++-------
  Melee: Hand axe          |    77 |   136 |   238 |   157 ||   608
         Headbutt          |     7 |    21 |    42 |    93 ||   163
         Broad axe         |       |       |       |   256 ||   256
  Throw: Dart              |       |     3 |     2 |       ||     5
 Invoke: Berserk           |       |     2 |     9 |     6 ||    17
    Use: Scroll            |       |       |     4 |     3 ||     7
         Potion            |       |       |       |     1 ||     1
   Stab: Sleeping          |     3 |       |       |       ||     3
 Armour: Animal skin       |     9 |     3 |       |       ||    12
         Chain mail        |       |    45 |   117 |    31 ||   193
         Scale mail        |       |     1 |       |       ||     1
         Plate armour      |       |       |       |   195 ||   195
  Dodge: Dodged            |    47 |    54 |   123 |   181 ||   405
  Block: Other             |    16 |     9 |       |       ||    25
         Reflection        |     1 |     1 |     5 |    15 ||    22
         Buckler           |       |    53 |   134 |   259 ||   446
